 Dungeon Crawl Stone Soup version 0.27-a0-1502-g47ed6a6988 (webtiles) character file.

Game seed: 13766680071599923907

14113 Wyvernaa the Unseen (level 11, -3/70 HPs)
             Began as a Felid Fighter on July 8, 2021.
             Was a Priest of Elyvilon.
             Slain by a death yak (22 damage)
             ... on level 5 of the Lair of Beasts.
             The game lasted 01:30:27 (20195 turns).

Wyvernaa the Unseen (Felid Fighter)                Turns: 20195, Time: 01:30:27

Health: -3/70      AC:  3    Str: 12    XL:     11   Next: 84%
Magic:  18/18      EV: 29    Int: 10    God:    Elyvilon [***...]
Gold:   1028       SH:  0    Dex: 26    Spells: 10/10 levels left
                                        Lives:  0   Deaths: 3

rFire    + . .     SeeInvis +     - Unarmed
rCold    + + .     Faith    .   (shield unavailable)
rNeg     . . .     Spirit   .   (armour unavailable)
rPois    +         Reflect  .   (helmet unavailable)
rElec    +         Harm     .   (cloak unavailable)
rCorr    +         Rampage  .   (gloves unavailable)
Will     +....                  (boots unavailable)
Stlth    ..........             m - amulet of regeneration
HPRegen  1.21/turn              E - +6 ring of dexterity
MPRegen  0.16/turn              b - ring of flight

@: berserking, resistant, flying, hasted, very quick
A: very small, claws 1, fangs 3, see invisible, speed 1, shaggy fur 3, stealthy
paws, no weapons or thrown items, no armour, multi-lived
a: Renounce Religion, Lesser Healing, Heal Other, Purification, Divine
Protection


You were on level 5 of the Lair of Beasts.
You worshipped Elyvilon.
Elyvilon was most pleased with you.
You visited 3 branches of the dungeon, and saw 19 of its levels.
You also visited: Ossuary.

You collected 1028 gold pieces.

Inventory:

Jewellery
 b - a ring of flight (right paw)
 c - an amulet of faith
 e - a ring of resist corrosion
 f - a ring of ice
 l - a ring of wizardry
 m - an amulet of regeneration (around neck)
 z - a ring of wizardry
 E - a +6 ring of dexterity (left paw)
Wands
 n - a wand of acid (4)
 s - a wand of mindburst (4)
 w - a wand of flame (21)
 y - a wand of iceblast (8)
 B - a wand of digging (2)
Scrolls
 h - a scroll of immolation
 j - 3 scrolls of holy word
 u - 2 scrolls of vulnerability
 A - a scroll of magic mapping
 C - a scroll of amnesia
Potions
 a - 2 potions of magic
 d - 5 potions of attraction
 g - 2 potions of lignification
 k - 4 potions of mutation
 p - 4 potions of haste
 t - a potion of brilliance
 v - 2 potions of flight


   Skills:
 + Level 5.0 Fighting
 + Level 10.8 Dodging
 * Level 16.5 Stealth
 + Level 14.1 Unarmed Combat
 * Level 8.6 Invocations
 * Level 8.8 Evocations


You had 10 spell levels left.
You didn't know any spells.
Your spell library contained the following spells:

 Spells                   Type           Power      Damage    Failure   Level
 Corona                   Hex            0%         N/A       36%         1
 Freeze                   Ice            0%         1d3       36%         1
 Magic Dart               Conj           0%         1d3       36%         1
 Call Imp                 Summ           0%         N/A       50%         2
 Ensorcelled Hibernation  Hex/Ice        0%         N/A       50%         2
 Sublimation of Blood     Necr           0%         N/A       50%         2
 Confusing Touch          Hex            0%         N/A       75%         3
 Dazzling Flash           Conj/Hex       0%         N/A       75%         3
 Frozen Ramparts          Ice            0%         1d2       75%         3
 Gell's Gravitas          Tloc           0%         N/A       75%         3
 Lesser Beckoning         Tloc           0%         N/A       75%         3
 Mephitic Cloud           Conj/Pois/Air  0%         N/A       75%         3
 Teleport Other           Tloc           0%         N/A       75%         3
 Tukima's Dance           Hex            0%         N/A       75%         3
 Hailstorm                Conj/Ice       0%         3d3       98%         4
 Petrify                  Tmut/Erth      0%         N/A       98%         4
 Agony                    Necr           0%         N/A       100%        5
 Alistair's Intoxication  Tmut/Pois      0%         N/A       100%        5
 Blade Hands              Tmut           0%         N/A       100%        5
 Irradiate                Conj/Tmut      0%         3d13      100%        5
 Silence                  Hex/Air        0%         N/A       100%        5
 Yara's Violent Unravell  Hex/Tmut       0%         3d3       100%        5
 Iron Shot                Conj/Erth      0%         9d1       100%        6
 Animate Armour           Summ/Erth      Unusable   N/A       N/A         4

Dungeon Overview and Level Annotations

Branches:
Dungeon (12/15)            Temple (1/1) D:6            Lair (6/6) D:9
  Swamp (0/4) Lair:3        Snake (0/4) Lair:4        Slime (0/5) Lair:6
    Orc (0/2) D:10        Ossuary (visited)

Altars:
Ashenzari
Cheibriados
Dithmenos
Elyvilon
Fedhas
Gozag
Hepliaklqana
Kikubaaqudgha
Makhleb
Nemelex Xobeh
Okawaru
Qazlal
Ru
Sif Muna
Trog
Uskayaw
Vehumet
Wu Jian
Xom
Yredelemnul
Zin
The Shining One

Shops:
D:7 [   D:9 :

Annotations:
D:8 4 runed translucent doors
D:10 3 runed translucent doors, MrDNA's ghost, novice TrDe
Lair:1 2 transporters
Lair:2 Fannar


Innate Abilities, Weirdness & Mutations

You have sharp claws.
You have razor-sharp teeth.
You have supernaturally acute eyesight. (SInv)
You cover ground quickly. (Speed+)
Your thick and shaggy fur keeps you warm. (AC +3, rC+)
Your paws help you pounce on unaware monsters.
You are incapable of wielding weapons or throwing items.
You cannot wear armour.
You gain extra lives every three experience levels.


Message History

Blink to where?
Press: ? - help, Dir - move target
As you read the scroll of blinking, it crumbles to dust.
A wyvern comes into view.
Okay, then.
You beseech Elyvilon to protect your life.
The death yak misses you. x2
The death yak gores you.
* * * LOW HITPOINT WARNING * * *
There is a stone staircase leading up here.
The death yak misses you. The death yak completely misses you.
You fly upwards.
There is a stone staircase leading down here.
As you read the scroll of fog, it crumbles to dust.
The scroll dissolves into smoke.
The death yak closely misses you. The death yak completely misses you.
Okay, then.
Okay, then.
The death yak gores you!
* * * LOW HITPOINT WARNING * * *
You feel protected.
You feel yourself speed up. The death yak misses you.
Okay, then.
Okay, then.
You can't see any enemies this would affect, really read the scroll of holy word? [Y]es or [N]o only, please.
You can't see any enemies this would affect, really read the scroll of holy word?
Okay, then.
The death yak closely misses you. The death yak completely misses you.
Your divine protection fades away.
A red film seems to cover your vision as you go berserk!
You feel yourself moving faster!
You feel mighty! The death yak completely misses you.
You claw the death yak! You bite the death yak.
The death yak is moderately wounded.
You claw the death yak!
The death yak is moderately wounded.
The death yak gores you!!
You die...

#..............##
................#
.#.............##
#...............##
.......†........P##
#.................#
..........§......##
##.#....§§§§§..Y##
###....§§§§§§##@#
#.#..§§§§######
##...###§# #####
###


You could see a death yak.

Vanquished Creatures
  Gastronok (Lair:2)
  A hydra (D:9)
  A centaur warrior (D:8)
  A death yak (Lair:6)
  2 two-headed ogres
  A bog body (Lair:3)
  2 cyclopes (D:11)
  5 elephants (Lair:1)
  Joseph (D:7)
  A torpor snail (Lair:4)
  2 centaur zombies
  6 black mambas
  3 gargoyles
  Maggie (Lair:1)
  Psyche (D:8)
  11 cane toads
  9 komodo dragons
  2 trolls
  2 polar bears (Lair:5)
  A hornet (D:9)
  9 blink frogs
  Prince Ribbit (D:8)
  5 dream sheep
  4 wyverns
  2 shadows (D:11)
  4 basilisks
  35 yaks
  3 vampire mosquitoes (D:11)
  2 swamp worms (Lair:3)
  2 hornet zombies
  4 orc warriors
  2 black bears
  16 water moccasins
  An ice beast (D:6)
  2 sky beasts
  An ogre (D:6)
  18 wolves
  5 centaurs
  4 phantoms
  6 kobold brigands
  5 bullfrogs
  A wyvern zombie (D:8)
  5 scorpions
  8 killer bees
  7 wights (D:8)
  2 howler monkeys (D:7)
  3 electric eels
  A hound (D:5)
  A jelly (D:7)
  An orc priest (D:10)
  2 iguanas
  9 orc wizards
  A killer bee zombie (D:8)
  2 hound zombies (D:5)
  2 mummies (Ossuary)
  2 howler monkey zombies
  5 adders
  4 shadow imps
  An ufetubus (D:5)
  9 adder zombies (Ossuary)
  2 worms
  5 dart slugs
  24 orcs
  11 ball pythons
  8 bats
  5 endoplasms
  A giant cockroach (D:2)
  3 gnoll zombies (Ossuary)
  9 hobgoblins
  6 jackals
  A quokka (D:1)
  4 frilled lizards
  6 goblins
  3 hobgoblin zombies (Ossuary)
  19 kobolds
  A kobold zombie (Ossuary)
  4 orc zombies (Ossuary)
  7 rats
370 creatures vanquished.

Vanquished Creatures (others)
  A blink frog (Lair:6)
  53 fungi
  87 plants
141 creatures vanquished.

Grand Total: 511 creatures vanquished

Notes
Turn   | Place    | Note
-------+----------+-------------------------------------------
     0 | D:1      | Wyvernaa the Felid Fighter began the quest for the Orb.
     0 | D:1      | Reached XP level 1. HP: 10/10 MP: 2/2
   232 | D:1      | Reached XP level 2. HP: 14/14 MP: 3/3
   314 | D:1      | Reached skill level 1 in Stealth
   794 | D:1      | Reached XP level 3. HP: 7/17 MP: 4/4
  1663 | D:2      | Reached skill level 2 in Stealth
  2073 | D:2      | Found a faded altar of an unknown god.
  2090 | D:2      | Reached XP level 4. HP: 21/21 MP: 5/5
  2607 | D:3      | Reached skill level 3 in Stealth
  2643 | D:2      | Reached skill level 5 in Unarmed Combat
  3357 | D:4      | Noticed a black bear
  3365 | D:4      | Killed a black bear
  3366 | D:4      | Reached skill level 4 in Stealth
  3366 | D:4      | Reached XP level 5. HP: 8/24 MP: 6/6
  3570 | D:4      | You fall into a shaft and drop 1 floor!
  3570 | D:5      | Entered Level 5 of the Dungeon
  3607 | D:5      | Reached skill level 5 in Stealth
  3607 | D:5      | Gained mutation: You are covered in thick fur. (AC +2)
                  | [Felid growth]
  3607 | D:5      | Reached XP level 6. HP: 23/28 MP: 7/7
  4206 | D:4      | Identified a scroll of acquirement
  4206 | D:4      | Acquired an amulet of regeneration
  4381 | D:5      | Reached skill level 5 in Dodging
  4572 | D:5      | Reached skill level 6 in Stealth
  4895 | D:5      | Reached XP level 7. HP: 25/31 MP: 8/8
  5112 | D:6      | Reached skill level 7 in Stealth
  5112 | D:6      | Reached skill level 1 in Evocations
  5151 | D:6      | Found a staircase to the Ecumenical Temple.
  5157 | Temple   | Entered the Ecumenical Temple
  5254 | Temple   | Became a worshipper of Elyvilon the Healer
  5454 | D:6      | Elyvilon protects you from harm!
  5616 | D:6      | Found a sparkling altar of Nemelex Xobeh.
  5681 | D:6      | Reached skill level 8 in Stealth
  5681 | D:6      | Reached XP level 8. HP: 35/36 MP: 9/9
  5948 | D:6      | Reached skill level 1 in Invocations
  6021 | D:7      | Reached * piety under Elyvilon
  6126 | D:7      | Found a shimmering altar of Xom.
  6126 | D:7      | Found a basalt altar of Yredelemnul.
  6250 | D:7      | Noticed Joseph
  6417 | D:8      | Found a large runed translucent door.
  6417 | D:8      | Found a large runed translucent door.
  6445 | D:8      | Reached skill level 9 in Stealth
  6474 | D:8      | Reached ** piety under Elyvilon
  6532 | D:8      | Noticed a deep elf pyromancer
  6538 | D:8      | Noticed a manticore
  6543 | D:8      | Found the +8 Wrath of Trog {antimagic, *Rage Rampage}
  6543 | D:8      | Found a large runed translucent door.
  6547 | D:8      | Noticed Prince Ribbit
  6564 | D:8      | Killed Prince Ribbit
  6572 | D:8      | Reached XP level 9. HP: 28/39 MP: 11/11
  6615 | D:8      | Found a sand-covered staircase.
  6620 | Ossuary  | Entered an ossuary
  7418 | D:8      | Found a large runed translucent door.
  7465 | D:8      | Noticed Psyche
  7757 | D:8      | Killed Psyche
  7758 | D:8      | Reached skill level 10 in Stealth
  8128 | D:8      | Reached *** piety under Elyvilon
  8201 | D:8      | Noticed a troll
  8657 | D:9      | Noticed a troll
  8677 | D:9      | Killed a troll
  8712 | D:9      | Found a sacrificial altar of Ru.
  8714 | D:9      | Found a shadowy altar of Dithmenos.
  8863 | D:10     | Entered Level 10 of the Dungeon
  9263 | D:10     | Reached **** piety under Elyvilon
  9343 | D:10     | Found a runed translucent gate.
  9343 | D:10     | Found a runed translucent gate.
  9343 | D:10     | Found a runed translucent gate.
  9345 | D:10     | Noticed MrDNA's ghost (novice TrDe)
  9389 | D:10     | Found a staircase to the Orcish Mines.
  9443 | D:10     | Reached XP level 10. HP: 43/43 MP: 14/14
  9463 | D:10     | Reached skill level 11 in Stealth
  9509 | D:10     | Noticed a gargoyle
  9514 | D:10     | Killed a gargoyle
  9515 | D:10     | Reached skill level 10 in Unarmed Combat
 10138 | D:11     | Noticed a gargoyle
 10142 | D:11     | Killed a gargoyle
 10170 | D:11     | Noticed a two-headed ogre
 10172 | D:11     | Noticed a gargoyle
 10200 | D:11     | Killed a gargoyle
 10291 | D:11     | Noticed a cyclops
 10299 | D:11     | Killed a cyclops
 10322 | D:11     | Killed a two-headed ogre
 10323 | D:11     | Reached skill level 12 in Stealth
 10323 | D:11     | Reached skill level 5 in Invocations
 10323 | D:11     | Reached skill level 5 in Evocations
 10376 | D:11     | Got the Guide on Entrancing Poisoning
 10792 | D:11     | Noticed a cyclops
 10800 | D:11     | Killed a cyclops
 10801 | D:11     | Reached XP level 11. HP: 46/46 MP: 16/16
 11370 | D:12     | Noticed a two-headed ogre
 11396 | D:12     | Noticed a two-headed ogre
 11401 | D:12     | Killed a two-headed ogre
 11891 | D:7      | Killed Joseph
 11951 | D:7      | Found Ticronyu's Armour Boutique.
 12376 | D:8      | Reached skill level 13 in Stealth
 12638 | D:8      | Noticed a centaur warrior
 12658 | D:8      | Killed a centaur warrior
 14054 | D:9      | Found a staircase to the Lair.
 14118 | D:9      | Found Geclaz's Book Shoppe.
 14388 | D:9      | Noticed a three-headed hydra
 14392 | D:9      | Killed a three-headed hydra
 14645 | Lair:1   | Entered Level 1 of the Lair of Beasts
 14745 | Lair:1   | Slain by a black mamba
 14746 | Lair:1   | Reached XP level 10. HP: -1/43 MP: 15/15
 14746 | Lair:1   | Noticed a cane toad
 14748 | Lair:1   | Killed a cane toad
 14783 | Lair:1   | Reached ***** piety under Elyvilon
 14788 | Lair:1   | Noticed Maggie
 14793 | Lair:1   | Noticed a black mamba
 14802 | Lair:1   | Killed a black mamba
 14829 | Lair:1   | Killed Maggie
 14830 | Lair:1   | Reached skill level 14 in Stealth
 14853 | Lair:1   | Noticed a cane toad
 14858 | Lair:1   | Killed a cane toad
 14859 | Lair:1   | Reached XP level 11. HP: 46/46 MP: 16/16
 15154 | Lair:1   | Found a transporter.
 15154 | Lair:1   | Found a transporter.
 15154 | Lair:1   | Noticed a boulder beetle
 15492 | Lair:2   | Noticed Fannar
 15502 | Lair:2   | HP: 2/46 [Fannar/bolt of cold (44)]
 15506 | Lair:2   | Elyvilon protects you from harm!
 16116 | Lair:2   | Noticed Gastronok
 16123 | Lair:2   | Killed Gastronok
 16124 | Lair:2   | Reached skill level 15 in Stealth
 16124 | Lair:2   | Gained mutation: Your thick and shaggy fur keeps you warm.
                  | (AC +3, rC+) [Felid growth]
 16124 | Lair:2   | Reached XP level 12. HP: 51/51 MP: 18/18
 16180 | Lair:3   | You fall into a shaft and drop 3 floors!
 16180 | Lair:6   | Entered Level 6 of the Lair of Beasts
 16180 | Lair:6   | Found a staircase to the Slime Pits.
 16180 | Lair:6   | Noticed a five-headed hydra
 16182 | Lair:6   | Pacified a five-headed hydra
 16183 | Lair:6   | Noticed a seven-headed hydra
 16521 | Lair:6   | Slain by a blink frog
 16522 | Lair:6   | Reached XP level 11. HP: -1/46 MP: 17/17
 16875 | Lair:3   | Reached skill level 10 in Dodging
 17435 | Lair:3   | HP: 1/46 [swamp worm (25)]
 17479 | Lair:3   | Found a staircase to the Swamp.
 17479 | Lair:3   | Noticed a bog body
 17496 | Lair:3   | Killed a bog body
 18280 | Lair:4   | Found a staircase to the Snake Pit.
 18323 | Lair:4   | Reached skill level 16 in Stealth
 18327 | Lair:4   | Reached skill level 5 in Fighting
 18486 | Lair:4   | Reached XP level 12. HP: 50/51 MP: 19/19
 18884 | Lair:3   | Mangled by a black mamba
 18885 | Lair:3   | Reached XP level 11. HP: -7/47 MP: 17/18
 19678 | Lair:6   | Noticed a five-headed hydra
 20088 | Lair:6   | Noticed a death yak
 20098 | Lair:6   | Pacified a death yak
 20139 | Lair:6   | Noticed a death yak
 20143 | Lair:6   | Noticed a death yak
 20166 | Lair:6   | Noticed a death yak
 20167 | Lair:6   | Killed a death yak
 20195 | Lair:5   | Slain by a death yak

Illustrated notes

Levels and vault maps discovered:
D:1:      saegor_arrival_simple_b, layout_rooms
D:2:      layout_loops_corners, basic_ecumenical_altar
D:3:      layout_rooms
D:4:      layout_rooms
D:5:      layout_rooms
D:6:      layout_basic, nemelex_spade_bored_becter, minmay_temple_entry_hall
D:7:      layout_rooms, amethyst_overflow_temple_binary, serial_shops,
          nicolae_lakefront_shop, dk_noncrumbling_4, uniq_joseph
D:8:      layout_layer_cave, enter_ossuary_2, minmay_hollow_rounded_squares,
          uniq_prince_ribbit1, uniq_psyche
D:9:      layout_basic, jmf_multi_god_temple, dpeg_oklobed_lair, serial_shops,
          shop, hangedman_ranch
D:10:     layout_stronghold, orc_0_dummy, gammafunk_ghost_spectres,
          kennysheep_nondescript, kennysheep_generic_room_13
D:11:     layout_loops_corners, kennysheep_generic_room_16
D:12:     layout_layer_cave
Temple:   minmay_crystal_spiral_temple
Lair:1:   gammafunk_boulding_lane, layout_gridlike, grunt_megastairs_4,
          infiniplex_staircase_pool, serial_bayou_shore_b, uniq_maggie
Lair:2:   layout_misc_corridors, uniq_gastronok, uniq_fannar
Lair:3:   layout_cave_pods, nicolae_swamp_entry_splash_gauntlet,
          patterned_corridor
Lair:4:   layout_long_grid, minmay_snake_entry_six_corridors,
          serial_bayou_shore_b
Lair:5:   layout_cave_pods, special_room [special_room_bee]
Lair:6:   gammafunk_lair_ancient_temple, layout_layer_cave, slime_dummy,
          st_stairs_9, serial_bayou_pond_e, columned_hall_lemuel,
          nicolae_quartered_pool_medium

Skill      XL: |  1  2  3  4  5  6  7  8  9 10 11 12 |
---------------+-------------------------------------+-----
Stealth        | 1 2 4 5 6 8 9 10 14 16 | 16.5
Unarmed Combat | 5 6 7 8 9 11 14 13 | 14.1
Dodging        | 5 6 7 8 10 | 10.8
Evocations     | 2 4 5 7 8 |  8.8
Invocations    | 2 4 5 8 |  8.6
Fighting       | 4 5 |  5.0

Action                   |  1- 3 |  4- 6 |  7- 9 | 10-12 || total
-------------------------+-------+-------+-------+-------++-------
Melee: Unarmed           |   107 |   134 |   344 |   971 ||  1556
       Bite              |     5 |    17 |    46 |   142 ||   210
       Punch             |     3 |     5 |    12 |    56 ||    76
Invok: Lesser Healing    |       |       |     9 |    19 ||    28
       Purification      |       |       |     1 |     4 ||     5
       Greater Healing   |       |       |       |    19 ||    19
       Heal Other        |       |       |       |     8 ||     8
       Divine Protection |       |       |       |     3 ||     3
Evoke: Wand              |       |       |     4 |    28 ||    32
  Use: Scroll            |     1 |     9 |    14 |    16 ||    40
       Potion            |     1 |     1 |    11 |     8 ||    21
 Stab: Sleeping          |     4 |    12 |    15 |    50 ||    81
       Distracted        |       |       |       |     4 ||     4
Armor: Skin              |     5 |     4 |    16 |    37 ||    62
Dodge: Dodged            |    88 |   109 |   277 |   849 ||  1323

Table legend: (Time is in decaauts)
 A = Elapsed time spent in this place.
 B = Non-inter-level travel time spent in this place.
 C = Inter-level travel time spent in this place.
 D = Time resting spent in this place.
 E = Time spent auto-exploring this place.
 F = Levels seen in this place.
 G = Mean time per level.
                   A        B        C        D        E       F      G
               +--------+--------+--------+--------+--------+-----+--------+
         Total |  17423 |  16686 |    737 |   4208 |   6085 |  20 |  871.2 |
       Dungeon |  12380 |  11761 |    619 |   3169 |   4732 |  12 | 1031.7 |
        Temple |    148 |     79 |     69 |      0 |      0 |   1 |  148.0 |
          Lair |   4747 |   4699 |     48 |   1033 |   1338 |   6 |  791.2 |
       Ossuary |    147 |    147 |      0 |      6 |     14 |   1 |  147.0 |
               +--------+--------+--------+--------+--------+-----+--------+

Top non-repeatable levels by time:
     D:8: 2041 daAuts
     D:9: 1993 daAuts
  Lair:1: 1175 daAuts
  Lair:3: 1170 daAuts
     D:2: 1110 daAuts
     D:1: 1052 daAuts
    D:10: 1030 daAuts
  Lair:5: 962 daAuts
     D:5: 923 daAuts
     D:3: 910 daAuts
    D:11: 905 daAuts
  Lair:4: 851 daAuts
     D:7: 811 daAuts
     D:4: 673 daAuts
     D:6: 648 daAuts
